 Dungeon Crawl Stone Soup version 0.29.1-13-g9f3cf754e1 (webtiles) character file.

Game seed: 13323458505533245495

3595 H0rd4k the Chucker (level 10, -3/65 HPs)
             Began as an Octopode Artificer on Feb 7, 2023.
             Was an Initiate of Gozag.
             Engulfed by a steam dragon's steam (12 damage)
             ... on level 7 of the Dungeon.
             The game lasted 00:13:48 (9927 turns).

H0rd4k the Chucker (Octopode Artificer)             Turns: 9927, Time: 00:13:48

Health: -3/65      AC:  1    Str: 18    XL:     10   Next: 10%
Magic:  0/28       EV: 13    Int: 18    God:    Gozag
Gold:   747        SH:  0    Dex: 12    Spells: 18/22 levels left

rFire   x . .      SeeInvis .     - Unarmed
rCold   + . .      Faith    .   (no shield)
rNeg    . . .      Spirit   +   (helmet restricted)
rPois   .          Reflect  .   e - amulet of guardian spirit
rElec   .          Harm     .   a - ring of ice
rCorr   .          Rampage  .   f - ring of magical power
Will    .....                   B - +6 ring of strength
Stlth   +++.......              (no ring)
HPRegen 0.20/turn               (no ring)
MPRegen 0.21/turn               (no ring)
                                (no ring)
                                (no ring)

@: very slightly contaminated
A: almost no armour, amphibious, 8 rings, camouflage 1, gelatinous body 1,
(nimble swimmer 1), tentacles
a: Renounce Religion, Potion Petition, Call Merchant, Bribe Branch


You were on level 7 of the Dungeon.
You worshipped Gozag.
Gozag was pleased with you.
You visited 2 branches of the dungeon, and saw 8 of its levels.
You also visited: Bailey.

You collected 857 gold pieces.
You paid 110 gold pieces to Gozag.

Inventory:

Missiles
 o - 18 poisoned darts (quivered)
Magical Staves
 u - a staff of air
Jewellery
 a - a ring of ice (left tentacle)
 e - an amulet of guardian spirit (around mantle)
 f - a ring of magical power (right tentacle)
 B - a +6 ring of strength (on tentacle)
Wands
 c - a wand of charming (6)
 s - a wand of quicksilver (3)
Scrolls
 b - a scroll of brand weapon {unknown}
 g - a scroll of immolation {unknown}
 i - a scroll of poison {unknown}
 j - 2 scrolls of torment
 m - a scroll of summoning {unknown}
 p - 2 scrolls of identify
 q - 3 scrolls of butterflies {unknown}
 t - 2 scrolls of silence {unknown}
 x - a scroll of fear {unknown}
 C - 2 scrolls of teleportation {unknown}
 D - a scroll of blinking {unknown}
Potions
 d - a potion of ambrosia
 h - a potion of mutation {unknown}
 k - a potion of berserk rage {unknown}
 l - a potion of haste
 n - 2 potions of lignification
 r - 2 potions of attraction {unknown}
 v - a potion of curing {unknown}
 w - 3 potions of might {unknown}
 z - a potion of heal wounds
 A - a potion of experience
Miscellaneous
 y - a condenser vane


   Skills:
 - Level 4.9 Fighting
 + Level 7.9 Throwing
 - Level 2.3 Dodging
 - Level 1.3 Stealth
 - Level 3.1 Unarmed Combat
 * Level 6.6 Spellcasting
 * Level 6.1 Summonings
 + Level 2.3 Ice Magic
 - Level 3.2 Evocations


You had 18 spell levels left.
You knew the following spells:

 Your Spells              Type           Power      Damage    Failure   Level
a - Summon Ice Beast      Ice/Summ       31%        N/A       21%         4

Your spell library contained the following spells:

 Spells                   Type           Power      Damage    Failure   Level
 Ensorcelled Hibernation  Hex/Ice        30%        N/A       11%         2
 Necrotise                Necr           20%        1d5       12%         1
 Slow                     Hex            20%        N/A       12%         1
 Passwall                 Tmut/Erth      4%         N/A       17%         2
 Confusing Touch          Hex            5%         N/A       34%         3
 Dazzling Flash           Conj/Hex       10%        N/A       34%         3
 Gell's Gravitas          Tloc           5%         N/A       34%         3
 Swiftness                Air            5%         N/A       34%         3
 Teleport Other           Tloc           5%         N/A       34%         3
 Vampiric Draining        Necr           5%         2d6       34%         3
 Summon Mana Viper        Hex/Summ       17%        N/A       65%         5
 Iskenderun's Mystic Bla  Conj/Tloc      5%         2d3       75%         4
 Agony                    Necr           5%         N/A       97%         5
 Fireball                 Conj/Fire      2%         3d4       97%         5
 Iskenderun's Battlesphe  Conj           5%         2d6       97%         5
 Conjure Ball Lightning   Conj/Air       2%         3x3d6     100%        6
 Dispersal                Tloc           2%         N/A       100%        6
 Starburst                Conj/Fire      2%         6d3       100%        6
 Monstrous Menagerie      Summ           14%        N/A       100%        7
 Orb of Destruction       Conj           2%         9d5       100%        7


Dungeon Overview and Level Annotations

Branches:
Dungeon (7/15)             Temple (1/1) D:5          Bailey (visited)

Altars:
Dithmenos
Gozag
Hepliaklqana
Kikubaaqudgha
Makhleb
Okawaru
Qazlal
Ru
Sif Muna
Trog
Uskayaw
Vehumet
Wu Jian
Xom
Zin
The Shining One

Annotations:
D:3 exclusion: 2 downstairs
D:6 exclusion: steam dragon, Edmund


Innate Abilities, Weirdness & Mutations

You cannot wear most types of armour.
You are amphibious.
You can wear up to eight rings at the same time.
Your skin changes colour to match your surroundings (Stealth+).
Your rubbery body absorbs attacks. (AC +1, EV +1)
((You are camouflaged when in or above water. (Stealth+)))
You have tentacles for arms and can constrict up to eight enemies at once.


Message History

Your ice beast disappears in a puff of smoke!
You see here a +0 mace.
Items here: )))) [[.
You see here a +1 vampiric spear.
You see here a +0 flail.
Key pressed, stopping explore.
A steam dragon comes into view.
A steam dragon is nearby!
Casting: Summon Ice Beast (dangerous; 21% risk of failure)
Confirm with . or Enter, or press ? or * to list all spells.
You feel a surge of power!
You miscast Summon Ice Beast.
You are very lightly contaminated with residual magic.
You are encased in ice.
You resist.
The steam dragon hisses angrily.
The steam dragon breathes steam at you. The ball of steam hits you!!
The steam scalds you terribly!
Casting: Summon Ice Beast (dangerous; 21% risk of failure)
Confirm with . or Enter, or press ? or * to list all spells.
You feel a surge of power! A chill wind blows around you.
Unknown command.
You swap places.
The steam dragon breathes steam at you. The ball of steam hits your ice beast!!
The ball of steam hits you!! The steam scalds you terribly!
Your ice beast is engulfed in a cloud of scalding steam.
What are your orders? t - Shout!
Orders for allies: a - Attack new target. r - Retreat! s - Stop attacking. g - Guard the area. f - Follow me.
Anything else - Cancel.
Guard this area!
You are engulfed in a cloud of scalding steam.
* * * LOW HITPOINT WARNING * * *
Your ice beast is engulfed in a cloud of scalding steam.
Your ice beast dies!
Your ice beast disappears in a puff of smoke!
You are engulfed in a cloud of scalding steam.
You die...
Your body crumbles into a pile of gold.

### # ##≈## #
####≈~≈##########
#....~≈~~..~..#.#
#.#....~~≈≈~~...#
#.####.####.~~~.# #.# #.#
#.###.#
#############.####.####.###.#
.D$..D.§§.§§@.)).............
#############.###.....#####..
#.# #.....+...... #)#
#.....####### #.#
#.#####...... ####.# #.#
#.##### ### ### #....###.#
#.#.#.. #.. ..#####.####...#
#...#.# #.# #.#...#.#
#.#########.#.#


There were no monsters in sight!

Vanquished Creatures
  An orc warlord (Bailey)
  Grinder (D:4)
  Sigmund (D:2)
  2 nameless horrors (Bailey)
  A water moccasin (D:6)
  6 orc warriors (Bailey)
  An ice beast (D:7)
  2 sky beasts (D:6)
  2 black bears (D:5)
  A centaur (D:7)
  An ogre (D:6)
  A kobold brigand (D:7)
  A bullfrog (D:7)
  A gnoll sergeant (D:6)
  2 scorpions
  2 orc priests
  4 jellies
  2 hounds
  Jessica (D:2)
  An iguana (D:5)
  An orc wizard (D:4)
  10 adders
  6 gnolls
  An ufetubus (D:5)
  3 worms
  2 dart slugs
  14 orcs
  3 ball pythons
  3 endoplasms (D:2)
  6 giant cockroaches
  12 hobgoblins
  7 jackals
  5 quokkas
  8 bats
  4 frilled lizards
  11 goblins
  18 kobolds
  3 rats
151 creatures vanquished.

Vanquished Creatures (collateral kills)
  An orc warrior (D:7)
  An ogre (D:6)
  5 gnolls
  7 orcs
  4 goblins (D:7)
18 creatures vanquished.

Vanquished Creatures (others)
  An orc priest (D:5)
1 creature vanquished.

Grand Total: 170 creatures vanquished

Notes
Turn   | Place    | Note
-------+----------+-------------------------------------------
     0 | D:1      | H0rd4k the Octopode Artificer began the quest for the Orb.
     0 | D:1      | Reached XP level 1. HP: 13/13 MP: 1/1
   355 | D:1      | Reached XP level 2. HP: 18/18 MP: 3/3
   372 | D:1      | You fall into a shaft and drop 1 floor!
   385 | D:2      | Reached skill level 1 in Spellcasting
   744 | D:2      | Reached skill level 1 in Unarmed Combat
   744 | D:2      | Reached XP level 3. HP: 4/24 MP: 3/5
  1039 | D:2      | Noticed Sigmund
  1041 | D:2      | Killed Sigmund
  1042 | D:2      | Reached XP level 4. HP: 31/31 MP: 5/7
  1042 | D:2      | Reached XP level 5. HP: 36/36 MP: 5/8
  1267 | D:2      | Noticed Jessica
  1270 | D:2      | Killed Jessica
  1321 | D:2      | Reached XP level 6. HP: 34/42 MP: 10/10
  1783 | D:2      | Learned a level 4 spell: Summon Ice Beast
  2738 | D:3      | Found a glowing golden altar of the Shining One.
  2825 | D:4      | Noticed Grinder
  2842 | D:4      | Reached skill level 1 in Summonings
  2869 | D:4      | Paralysed by Grinder for 5 turns
  2875 | D:4      | Paralysed by Grinder for 2 turns
  2886 | D:4      | Killed Grinder
  2887 | D:4      | Reached skill level 1 in Ice Magic
  2887 | D:4      | Reached XP level 7. HP: 34/47 MP: 12/12
  4090 | D:5      | Entered Level 5 of the Dungeon
  4533 | D:5      | Reached XP level 8. HP: 21/54 MP: 10/14
  4950 | D:5      | Reached skill level 1 in Throwing
  5415 | D:5      | Found a staircase to the Ecumenical Temple.
  5539 | Temple   | Entered the Ecumenical Temple
  5658 | Temple   | Became a worshipper of Gozag Ym Sagoz the Greedy
  6215 | D:6      | Reached skill level 2 in Throwing
  6383 | D:6      | Noticed Edmund
  6590 | D:6      | Identified the +1 ring mail "Bubing" {rF+}
  6618 | D:6      | Reached skill level 5 in Spellcasting
  6793 | D:6      | Reached skill level 3 in Throwing
  7193 | D:6      | Reached skill level 4 in Throwing
  7193 | D:6      | Reached XP level 9. HP: 52/60 MP: 17/17
  7957 | D:7      | Reached skill level 5 in Summonings
  7988 | D:7      | Found a flagged portal.
  7997 | Bailey   | Entered a bailey
  8017 | Bailey   | Noticed an orc warlord
  8109 | Bailey   | Noticed a nameless horror
  8139 | Bailey   | Killed a nameless horror
  8444 | Bailey   | Reached skill level 5 in Throwing
  9110 | Bailey   | Found a runed translucent gate.
  9110 | Bailey   | Found a runed translucent gate.
  9132 | Bailey   | Found a runed translucent gate.
  9276 | Bailey   | Killed an orc warlord
  9277 | Bailey   | Reached skill level 7 in Throwing
  9277 | Bailey   | Reached XP level 10. HP: 31/65 MP: 19/19
  9927 | D:7      | Engulfed by a steam dragon's steam

Illustrated notes

Levels and vault maps discovered:
D:1:      wheals_arrival_shading, layout_basic, basic_ecumenical_altar
D:2:      layout_basic, kennysheep_boxes, uniq_sigmund, uniq_jessica
D:3:      layout_loops_cross, nicolae_tso_swordbearing_angel,
          grunt_ministairs_10, kennysheep_generic_room_13
D:4:      layout_cave_pods, minmay_surrounded, uniq_grinder
D:5:      layout_basic, temple_doors_e, kennysheep_pointless_box
D:6:      layout_loops_ring, uniq_edmund
D:7:      layout_basic, enter_bailey_5, grunt_decor_fettered,
          corexii_leaking_fountain, chequers_serial_rivers_small_a
Temple:   nicolae_temple_slightly_damp_pantheon

Skill      XL: |  1  2  3  4  5  6  7  8  9 |
---------------+----------------------------+-----
Spellcasting   | 1 2 3 4 5 6 |  6.6
Fighting       | 2 3 4 |  4.9
Unarmed Combat | 1 2 3 |  3.1
Summonings     | 2 3 4 6 |  6.1
Ice Magic      | 1 2 |  2.3
Throwing       | 4 7 |  7.9
Dodging        | |  2.3
Stealth        | |  1.3
Evocations     | |  3.2

Action                   |  1- 3 |  4- 6 |  7- 9 | 10-12 || total
-------------------------+-------+-------+-------+-------++-------
Melee: Unarmed           |    63 |   100 |   278 |     7 ||   448
       Constrict         |    12 |    32 |    52 |       ||    96
       Tentacles         |     8 |    24 |    81 |     1 ||   114
       Punch             |     2 |     3 |     9 |     1 ||    15
Throw: Dart              |       |       |   100 |       ||   100
 Cast: Summon Ice Beast  |       |       |       |     3 ||     3
Evoke: Wand              |     2 |    18 |    12 |       ||    32
  Use: Scroll            |       |       |     5 |       ||     5
       Potion            |       |       |     3 |       ||     3
 Stab: Sleeping          |     6 |     9 |     3 |     1 ||    19
Armor: Skin              |     5 |     7 |    12 |       ||    24
Dodge: Dodged            |    34 |    57 |   157 |    10 ||   258
